AoeStats
← LeeWalker

Black Forest

503816092Analyzed
4v4 RM · 1mo ago on Sep 2, 2026· 16m 54s· 8 players
Game mode
Random Map
Map size
Large (8 player)
Population
200
Speed
Normal
Resources
Standard
Victory
Conquest
Starting age
Dark Age
Ending age
Imperial Age
RankedLock teamsTeams togetherTeam positionsShared explorationLock speedFull tech treeHidden civsTurbo modeCheats
Victory
Defeat
🇹🇼 Bohemians · Taiwan
1215
+9
🇹🇼 Mongols · Taiwan
1136
+13
🇹🇼 Khmer · Taiwan
1062
+16
🇹🇼 Celts · Taiwan
751
+27
🇨🇳 Turks · China
1079
-18
🇫🇮 Burmese · Finland
1078
-18
🇮🇩 Spanish · Indonesia
1048
-16
🇹🇼 Romans · Taiwan
1033
-16
鍾城堡
11:14 Feudal Age
14:52 Castle Age
13:38 Double-Bit Axe
13:35 Horse Collar
椰子
1:27 Loom
12:28 Feudal Age
16:07 Castle Age
14:38 Double-Bit Axe
15:33 Horse Collar
LeeWalker
2:15 Loom
13:01 Feudal Age
15:31 Double-Bit Axe
Vivahakama
0:31 Loom
5:11 Loom
10:52 Feudal Age
11:26 Double-Bit Axe
11:34 Gold Mining
11:26 Horse Collar
mAjiCode
0:48 Loom
13:26 Feudal Age
14:10 Double-Bit Axe
小佑
7:18 Loom
9:26 Feudal Age
10:04 Double-Bit Axe
13:02 Wheelbarrow
12:19 Fishing Lines
gongyi528
12:23 Feudal Age
10:38 Loom
13:36 Double-Bit Axe
13:42 Gold Mining
14:35 Horse Collar
16:57 Castle Age
PaidatonPillastuja
8:45 Loom
12:04 Feudal Age
Connection lost

Rejoining the realm…

Still unreachable

The connection could not be restored.

Session expired

The server has moved on; the page needs a fresh start.